 Dungeon Crawl Stone Soup version 0.30-a0-329-g85436e0a43 (webtiles) character file.

Game seed: 3202841719186288849

408 koil the Sneak (level 6, -10/32 HPs)
             Began as a Spriggan Hunter on Oct 28, 2022.
             Killed from afar by an acid dragon (21 damage)
             ... with a splash of acid
             ... on level 5 of the Dungeon.
             The game lasted 00:07:26 (3811 turns).

koil the Sneak (Spriggan Hunter)                    Turns: 3811, Time: 00:07:27

Health: -10/32     AC:  2    Str:  7    XL:     6   Next: 57%
Magic:  12/12      EV: 20    Int: 11    God:
Gold:   204        SH:  0    Dex: 20    Spells: 11/11 levels left

rFire   . . .      SeeInvis +    a - +0 shortbow
rCold   . . .      Faith    .    (shield currently unavailable)
rNeg    . . .      Spirit   .    c - +0 robe
rPois   .          Reflect  .    (helmet restricted)
rElec   .          Harm     .    (no cloak)
rCorr   .          Rampage  .    (gloves unavailable)
Will    +....                    (boots unavailable)
Stlth   +++.......               (no amulet)
HPRegen 0.25/turn                (no ring)
MPRegen 0.13/turn                (no ring)

@: very quick
A: very small, no large weapons, unfitting armour, see invisible, speed 3
a: no special abilities


You were on level 5 of the Dungeon.
You visited 1 branch of the dungeon, and saw 5 of its levels.
You also visited: Ossuary.

You collected 204 gold pieces.

Inventory:

Hand Weapons
 a - a +0 shortbow (weapon)
 w - a +4 hand axe
Missiles
 i - 2 atropa-tipped darts
 n - 6 poisoned darts
Armour
 c - a +0 robe (worn)
Magical Staves
 E - a staff of earth
Jewellery
 l - a ring of poison resistance
 C - a ring of flight
 F - a ring of fire
Wands
 o - a wand of digging (4)
 r - a wand of flame (20)
Scrolls
 b - 4 scrolls of immolation
 d - a scroll of summoning {unknown}
 e - 5 scrolls of identify {unknown}
 g - 5 scrolls of teleportation {unknown}
 h - 4 scrolls of enchant weapon {unknown}
 k - 2 scrolls of vulnerability {unknown}
 p - a scroll of noise {unknown}
 q - a scroll of torment {unknown}
 t - 2 scrolls of poison {unknown}
 v - 2 scrolls of butterflies {unknown}
 x - a scroll of silence {unknown}
 y - 2 scrolls of blinking {unknown}
 A - 2 scrolls of fear {unknown}
 B - a scroll of magic mapping {unknown}
Potions
 f - 5 potions of heal wounds {unknown}
 j - 2 potions of attraction {unknown}
 m - a potion of brilliance {unknown}
 s - 3 potions of curing
 u - 3 potions of mutation {unknown}
 z - a potion of might {unknown}
 D - a potion of degeneration {unknown}


   Skills:
 + Level 2.9 Fighting
 + Level 5.0 Ranged Weapons
 + Level 4.7 Dodging
 + Level 5.1 Stealth
 + Level 3.3 Spellcasting


You had 11 spell levels left.
You didn't know any spells.
Your spell library was empty.

Dungeon Overview and Level Annotations

Branches:
Dungeon (5/15)            Ossuary (visited)
 Temple: D:4-7

Altars:
Hepliaklqana
Qazlal
Ru
Xom


Innate Abilities, Weirdness & Mutations

You are very small and have problems with some larger weapons.
You are too small for most types of armour.
You have supernaturally acute eyesight. (SInv)
You cover ground extremely quickly. (Speed+++)


Message History

Fire: a) +0 shortbow
Press: ? - help, Q - select action, (/) - cycle Shift-Dir - straight line, f/p - acid dragon
Aim: an acid dragon (lightly wounded, catching its breath, 65% to hit)
You shoot an arrow.
The arrow closely misses the acid dragon.
Fire: a) +0 shortbow
Press: ? - help, Q - select action, (/) - cycle Shift-Dir - straight line, f/p - acid dragon
Aim: an acid dragon (lightly wounded, catching its breath, 65% to hit)
You shoot an arrow. The arrow hits the acid dragon.
The acid dragon is lightly wounded.
The phantom misses you.
Fire: a) +0 shortbow
Press: ? - help, Q - select action, (/) - cycle Shift-Dir - straight line, f/p - acid dragon
Aim: an acid dragon (lightly wounded, 65% to hit)
Okay, then.
The acid dragon spits acid at you. The splash of acid misses you.
Fire: a) +0 shortbow
Press: ? - help, Q - select action, (/) - cycle Shift-Dir - straight line, f/p - acid dragon
Aim: an acid dragon (lightly wounded, 65% to hit)
You shoot an arrow. The arrow hits the acid dragon.
The acid dragon is moderately wounded.
The phantom misses you.
Fire: a) +0 shortbow
Press: ? - help, Q - select action, (/) - cycle Shift-Dir - straight line, f/p - acid dragon
Aim: an acid dragon (moderately wounded, 65% to hit)
You shoot an arrow.
The arrow hits the acid dragon but does no damage.
The acid dragon is moderately wounded.
The acid dragon spits acid at you. The splash of acid hits you!!
Ouch! That really hurt!
* * * LOW HITPOINT WARNING * * *
The phantom closely misses you.
Unknown command.
Unknown command.
The acid dragon spits acid at you. The splash of acid hits you!!
Ouch! That really hurt!
You die...

........................
........................
........................
........................
........................
........................
........................
.............D..........
.......@....W.....######
.........######.###
......##.# #.#
..######.# #.# # ###..#
#.# #.<### #.# #### #.#
###


You could see an acid dragon (catching breath) and a phantom.

Vanquished Creatures
  A hound (D:4)
  Natasha (thrice) (D:4)
  13 mummies (Ossuary)
  4 adders
  3 dart slugs
  5 orcs
  7 bats
  5 endoplasms
  A giant cockroach (D:3)
  10 goblins
  3 hobgoblins
  6 jackals
  2 quokkas
  7 ball pythons
  6 frilled lizards
  3 gnoll skeletons (Ossuary)
  A goblin skeleton (Ossuary)
  8 kobolds
  3 kobold skeletons (Ossuary)
  An orc skeleton (Ossuary)
  8 rats
  11 rat skeletons (Ossuary)
111 creatures vanquished.

Notes
Turn   | Place    | Note
-------+----------+-------------------------------------------
     0 | D:1      | koil the Spriggan Hunter began the quest for the Orb.
     0 | D:1      | Reached XP level 1. HP: 10/10 MP: 2/2
   154 | D:1      | Reached XP level 2. HP: 9/15 MP: 2/4
   299 | D:1      | Reached skill level 1 in Spellcasting
   824 | D:1      | Reached XP level 3. HP: 18/18 MP: 5/5
  1408 | D:2      | Reached XP level 4. HP: 17/23 MP: 7/7
  2341 | D:4      | Found a sand-covered staircase.
  2366 | Ossuary  | Entered an ossuary
  2462 | Ossuary  | Reached XP level 5. HP: 9/26 MP: 9/9
  2847 | Ossuary  | Reached XP level 6. HP: 31/32 MP: 11/11
  3088 | D:4      | Noticed Natasha
  3092 | D:4      | Killed Natasha
  3119 | D:4      | Noticed Natasha
  3139 | D:4      | Killed Natasha
  3278 | D:4      | Noticed Natasha
  3280 | D:4      | Killed Natasha
  3281 | D:4      | Reached skill level 5 in Ranged Weapons
  3281 | D:4      | Reached skill level 5 in Stealth
  3390 | D:4      | Found a shimmering altar of Xom.
  3412 | D:4      | Found a sacrificial altar of Ru.
  3414 | D:4      | Found a hazy altar of Hepliaklqana.
  3706 | D:5      | Entered Level 5 of the Dungeon
  3747 | D:5      | Found a stormy altar of Qazlal.
  3759 | D:5      | Noticed an acid dragon
  3811 | D:5      | Killed from afar by an acid dragon

Illustrated notes

Levels and vault maps discovered:
D:1:      nagdon_arrival_zigzag_paths, layout_basic, minmay_tiny_reverse_x
D:2:      layout_basic, st_stairs_3
D:3:      layout_basic
D:4:      layout_loops_cross, minitemple, mainiacjoe_overflow_paths,
          nicolae_ossuary_entry_ruins, uniq_natasha
D:5:      layout_layer_cave, kennysheep_little_box,
          minmay_temple_entry_nine_rooms, serial_shops, nicolae_diamond_shop,
          uniq_menkaure

Skill      XL: |  1  2  3  4  5  6 |
---------------+-------------------+-----
Stealth        | 2 3 4 5 |  5.1
Dodging        | 3 4 |  4.7
Spellcasting   | 1 2 3 |  3.3
Fighting       | 2 |  2.9
Ranged Weapons | 5 |  5.0

Action                   |  1- 3 |  4- 6 || total
-------------------------+-------+-------++-------
 Fire: Shortbow          |   115 |   211 ||   326
  Use: Potion            |       |     1 ||     1
Armor: Robe              |     7 |     3 ||    10
Dodge: Dodged            |    61 |    70 ||   131

Table legend: (Time is in decaauts)
 A = Elapsed time spent in this place.
 B = Non-inter-level travel time spent in this place.
 C = Inter-level travel time spent in this place.
 D = Time resting spent in this place.
 E = Time spent auto-exploring this place.
 F = Levels seen in this place.
 G = Mean time per level.
                   A        B        C        D        E       F      G
               +--------+--------+--------+--------+--------+-----+--------+
         Total |   2730 |   2676 |     54 |    185 |   1865 |   6 |  455.0 |
       Dungeon |   2201 |   2147 |     54 |     61 |   1685 |   5 |  440.2 |
       Ossuary |    528 |    528 |      0 |    124 |    179 |   1 |  528.0 |
               +--------+--------+--------+--------+--------+-----+--------+

Top non-repeatable levels by time:
     D:1: 640 daAuts
     D:4: 615 daAuts
     D:2: 545 daAuts
 Ossuary: 528 daAuts
     D:3: 323 daAuts
     D:5: 76 daAuts
